 Dungeon Crawl Stone Soup version 0.30.0-5-g1a98f26d00 (webtiles) character file.

Game seed: 3775563975350665198

15395 Pimp the Protected (level 12, -4/77 HPs)
             Began as a Gargoyle Fighter on May 8, 2023.
             Was the Champion of Cheibriados.
             Slain by a cyan very ugly thing (8 damage)
             ... on level 10 of the Dungeon.
             The game lasted 00:30:24 (9586 turns).

Pimp the Protected (Gargoyle Fighter)               Turns: 9586, Time: 00:30:27

Health: -4/77      AC: 29    Str: 40    XL:     12   Next: 26%
Magic:  17/17      EV:  9    Int: 33    God:    Cheibriados [******]
Gold:   813        SH:  9    Dex: 30    Spells: 12/18 levels left

rFire   + . .        k - +11 rapier of Untimely Demise {heavy, rCorr Dex+6}
rCold   + . .        c - +0 buckler
rNeg    + . .        Q - +4 chain mail {rC+}
rPois   ∞            u - +2 helmet
rElec   +            (no cloak)
rCorr   +            (no gloves)
SInv    .            q - +0 pair of boots
Will    .....        B - amulet of magic regeneration Stlth
                     s - ring "Kerghega" {rF+ Str+3}
HPRegen 0.32/turn    A - +6 ring of intelligence
MPRegen 0.55/turn

%: no passive effects
@: studying Conjurations, very slow
A: sickness immunity, AC +8, negative energy resistance 1, electricity
resistance, torment resistance 1, petrification resistance
a: Renounce Religion, Bend Time, Temporal Distortion, Slouch, Step From Time


You were on level 10 of the Dungeon.
You worshipped Cheibriados.
Cheibriados was exalted by your worship.
You visited 2 branches of the dungeon, and saw 11 of its levels.
You also visited: Bailey.

You collected 813 gold pieces.

Inventory:

Hand Weapons
 k - the +11 rapier of Untimely Demise (weapon) {heavy, rCorr Dex+6}
   (You found it on level 4 of the Dungeon)

   Dex:       It affects your dexterity (+6).
   rCorr:     It protects you from acid and corrosion.
 t - the +2 spear of Obovan {freeze, Will+ Str+4 Dex+3}
   (You found it on level 7 of the Dungeon)

   Str:       It affects your strength (+4).
   Dex:       It affects your dexterity (+3).
   Will:      It increases your willpower.
 J - the +3 arbalest of Jonk {penet, MP+9 SInv}
   (You found it on level 10 of the Dungeon)

   MP:        It affects your magic capacity (+9).
   SInv:      It lets you see invisible.
Missiles
 O - a silver javelin (quivered)
Armour
 c - a +0 buckler (worn)
 q - a +0 pair of boots (worn)
 u - a +2 helmet (worn)
 D - a +0 ring mail of willpower
 I - a +0 troll leather armour
 Q - a +4 chain mail of cold resistance (worn)
Jewellery
 b - a ring of ice
 o - a ring of resist corrosion
 p - an amulet of the acrobat
 s - the ring "Kerghega" (left hand) {rF+ Str+3}
   (You found it on level 10 of the Dungeon)

   [ring of protection from fire]

   Str:       It affects your strength (+3).
   rF:        It protects you from fire.
 A - a +6 ring of intelligence (right hand)
 B - an amulet of magic regeneration (around neck)
 H - a +5 ring of evasion
 K - a ring of positive energy
Wands
 n - a wand of flame (5)
 r - a wand of iceblast (13)
 y - a wand of charming (16)
 M - a wand of digging (5)
Scrolls
 e - 4 scrolls of amnesia
 g - a scroll of blinking
 i - 2 scrolls of fear
 l - 5 scrolls of fog
 v - 3 scrolls of poison
 C - 3 scrolls of enchant weapon
 F - a scroll of teleportation
 G - 2 scrolls of torment
Potions
 d - a potion of might
 f - 2 potions of curing
 h - 4 potions of resistance
 j - a potion of ambrosia {unknown}
 m - a potion of invisibility {unknown}
 w - a potion of attraction {unknown}
 x - a potion of brilliance
 z - 2 potions of berserk rage
 E - 2 potions of flight


   Skills:
 + Level 10.0 Fighting
 + Level 9.6 Short Blades
 - Level 3.6 Maces & Flails
 + Level 10.0 Armour
 + Level 9.9 Shields
 + Level 3.5 Spellcasting
 + Level 5.4 Conjurations
 + Level 4.7 Earth Magic


You had 12 spell levels left.
You knew the following spells:

 Your Spells              Type           Power      Damage    Failure   Level
a - Iron Shot             Conj/Erth      19%        9d4       96%         6

Your spell library contained the following spells:

 Spells                   Type           Power      Damage    Failure   Level
 Dazzling Flash           Conj/Hex       46%        N/A       14%         3
 Apportation              Tloc           10%        N/A       16%         1
 Confusing Touch          Hex            5%         N/A       41%         3
 Frozen Ramparts          Ice            10%        1d2       41%         3
 Ignite Poison            Fire/Tmut/Pois 5%         N/A       41%         3
 Iskenderun's Battlesphe  Conj           42%        2d9       41%         5
 Fulminant Prism          Conj/Hex       11%        3d9       43%         4
 Petrify                  Tmut/Erth      21%        N/A       50%         4
 Irradiate                Conj/Tmut      11%        3d15      80%         5
 Anguish                  Hex/Necr       2%         N/A       83%         4
 Cause Fear               Hex            2%         N/A       83%         4
 Dispel Undead            Necr           5%         3d7       83%         4
 Ice Form                 Ice/Tmut       5%         N/A       83%         4
 Summon Ice Beast         Ice/Summ       5%         N/A       83%         4
 Freezing Cloud           Conj/Ice/Air   8%         6-21      89%         5
 Alistair's Intoxication  Tmut/Pois      3%         N/A       99%         5
 Summon Forest            Summ/Tloc      2%         N/A       99%         5
 Summon Mana Viper        Hex/Summ       5%         N/A       99%         5
 Summon Cactus Giant      Summ           2%         N/A       100%        6
 Dragon Form              Tmut           2%         N/A       100%        7
 Spellforged Servitor     Conj/Summ      11%        N/A       100%        7
 Dragon's Call            Summ           2%         N/A       100%        9
 Fire Storm               Conj/Fire      11%        8d3       100%        9
 Cigotuvi's Dreadful Rot  Necr/Pois/Air  Unusable   N/A       N/A         2
 Sublimation of Blood     Necr           Unusable   N/A       N/A         2

Dungeon Overview and Level Annotations

Branches:
Dungeon (10/15)            Temple (1/1) D:4            Lair (0/5) D:8
 Bailey (visited)
    Orc: D:9-12

Altars:
Cheibriados
Dithmenos
Elyvilon
Fedhas
Hepliaklqana
Nemelex Xobeh
Ru
Sif Muna
Trog
Uskayaw
Wu Jian
Yredelemnul
Zin
The Shining One

Shops:
D:7 =   D:9 (


Innate Abilities, Weirdness & Mutations

You are immune to sickness and miasma.
Your stone body is resilient. (AC +8)
You are immune to poison.
You resist negative energy. (rN+)
You are resistant to electric shocks. (rElec)
You are resistant to unholy torment.
You are immune to petrification.


Message History

Moving in this stuff is going to be slow.
You enter the shallow water.
Moving in this stuff is going to be slow.
You enter the shallow water.
Moving in this stuff is going to be slow.
A cyan very ugly thing comes into view.
Found 5 stones and a potion of curing.
The cyan very ugly thing gurgles horribly!
You hear a shout!
A wizard comes into view. It is wielding a +0 dagger.
You closely miss the cyan very ugly thing.
The wizard casts a spell.
The wizard flickers and vanishes!
Deactivating autopickup; reactivate with Ctrl-A.
The cyan very ugly thing closely misses you.
Your unstable footing causes you to fumble your attack.
You block the cyan very ugly thing's attack.
Your unstable footing causes you to fumble your attack.
The cyan very ugly thing headbutts you but does no damage.
You puncture the cyan very ugly thing!
The cyan very ugly thing is lightly wounded.
The cyan very ugly thing headbutts you! The cyan very ugly thing shocks you!
You resist.
You block the cyan very ugly thing's attack.
The cyan very ugly thing headbutts you! The cyan very ugly thing shocks you!
You resist.
The cyan very ugly thing attacks as you move away!
The cyan very ugly thing headbutts you!
* * * LOW HITPOINT WARNING * * *
The cyan very ugly thing shocks you. You resist.
* * * LOW HITPOINT WARNING * * *
You hear some strange, mumbled words.
A fireball appears from out of thin air!
The fireball explodes!
The fireball engulfs you! You resist.
* * * LOW HITPOINT WARNING * * *
The cyan very ugly thing is engulfed in a cloud of scalding steam.
The cyan very ugly thing headbutts you!
* * * LOW HITPOINT WARNING * * *
The cyan very ugly thing shocks you! You resist.
You die...

....^<^....#**##~..~##
#..# .#...^...###
#~~..##*** #..#
.#.......# #~~~##*,,**
#..# ,##.....##
#~~##*,,,!#*#..#
,,##...##
##.~##*,,,(#*,,,*
*,,##.##
#8..8#*,,.(#*,,,*
**,#'.'#
##..##**.~#******
*,##.## #..##*#~~#
*##...## #.@u##~~~#
*##.....##*#####§§{~~~#*
,#.......#...,*###~~###
##...^.).#.#*** ####
....^>.....#
##.......### *#.......#
*##.....##
********************* *
##...##
*,,,,,,,,,,,,,,,,,,,,


You could see a cyan very ugly thing.

Vanquished Creatures
  Fannar (D:10)
  A wizard (D:10)
  3 deep elf pyromancers
  6 ugly things (D:10)
  A gargoyle (Bailey)
  2 kobold demonologists (D:9)
  An unseen horror (D:10)
  2 trolls
  3 hornets
  12 yaks
  2 wyverns (D:9)
  A wraith (D:9)
  A vampire (Bailey)
  2 steam dragons
  Menkaure (D:5)
  A vampire mosquito (D:9)
  The ghost of lessens the Insei, an amateur OpAr (D:4)
  3 acid dragons (D:9)
  A water moccasin (D:9)
  2 ice beasts
  A sky beast (D:6)
  2 orc warriors
  3 black bears
  3 centaurs
  4 wolves (D:8)
  2 ogres
  3 phantoms (D:5)
  3 kobold brigands
  6 bullfrogs
  2 scorpions
  7 wights
  14 killer bees
  2 electric eels (D:8)
  4 howler monkeys
  9 vampire bats (Bailey)
  3 wolf zombies (Bailey)
  A bullfrog zombie (D:4)
  2 jellies
  7 hounds
  A gnoll bouda (D:9)
  7 orc priests
  2 iguanas
  Terence (D:2)
  2 sleepcaps
  15 orc wizards
  2 killer bee zombies (D:4)
  12 gnolls
  2 howler monkey skeletons (D:4)
  4 adders
  A shadow imp (D:6)
  3 white imps (D:7)
  2 worms
  2 dart slugs
  34 orcs
  9 endoplasms
  5 giant cockroaches
  9 goblins
  3 hobgoblins (D:1)
  3 jackals (D:1)
  10 kobolds
  7 quokkas
  3 ball pythons
  2 bats
  7 frilled lizards
  21 orc zombies (Bailey)
  9 rats
  A spectral orc (D:3)
304 creatures vanquished.

Notes
Turn   | Place    | Note
-------+----------+-------------------------------------------
     0 | D:1      | Pimp the Gargoyle Fighter began the quest for the Orb.
     0 | D:1      | Reached XP level 1. HP: 14/14 MP: 1/1
   122 | D:1      | Reached XP level 2. HP: 19/19 MP: 2/2
   352 | D:1      | Reached XP level 3. HP: 19/23 MP: 3/3
   446 | D:1      | You fall into a shaft and drop 1 floor!
   500 | D:2      | Noticed Terence
   509 | D:2      | Killed Terence
   510 | D:2      | Reached XP level 4. HP: 15/29 MP: 4/4
  1970 | D:3      | Noticed a scorpion
  1980 | D:3      | Killed a scorpion
  1981 | D:3      | Reached XP level 5. HP: 20/33 MP: 5/5
  2460 | D:3      | Found a basalt altar of Yredelemnul.
  2515 | D:4      | Found a runed translucent gate.
  2515 | D:4      | Found a runed translucent gate.
  2515 | D:4      | Found a runed translucent gate.
  2522 | D:4      | Noticed lessens's ghost (amateur OpAr)
  2651 | D:4      | Reached XP level 6. HP: 38/39 MP: 6/6
  2689 | D:4      | Found a hazy altar of Hepliaklqana.
  2720 | D:4      | HP: 1/39 [orc priest/divine providence (13)]
  2822 | D:4      | Identified the +11 rapier of Untimely Demise {heavy, rCorr
                  | Dex+6}
  3092 | D:4      | Reached skill level 1 in Short Blades
  3092 | D:4      | Found a staircase to the Ecumenical Temple.
  3144 | Temple   | Entered the Ecumenical Temple
  3200 | Temple   | Became a worshipper of Cheibriados the Contemplative
  3428 | D:4      | Killed lessens's ghost
  3429 | D:4      | Reached skill level 5 in Fighting
  3429 | D:4      | Reached skill level 5 in Armour
  3429 | D:4      | Reached skill level 5 in Shields
  3429 | D:4      | Reached XP level 7. HP: 44/44 MP: 7/7
  3487 | D:5      | Entered Level 5 of the Dungeon
  3636 | D:5      | Reached * piety under Cheibriados
  3683 | D:5      | Reached XP level 8. HP: 41/50 MP: 8/8
  3861 | D:5      | Noticed Menkaure
  3866 | D:5      | Killed Menkaure
  4336 | D:6      | Reached skill level 5 in Short Blades
  4336 | D:6      | Reached XP level 9. HP: 50/56 MP: 9/9
  4454 | D:6      | Reached ** piety under Cheibriados
  5072 | D:7      | Found Naodinosm's Jewellery Emporium.
  5237 | D:7      | Identified the +2 spear of Obovan {freeze, Will+ Str+4
                  | Dex+3}
  5278 | D:7      | Noticed a troll
  5285 | D:7      | Killed a troll
  5513 | D:7      | Reached *** piety under Cheibriados
  6259 | D:8      | Found a bloodstained altar of Trog.
  6260 | D:8      | Found an ornate altar of the Wu Jian Council.
  6286 | D:8      | Reached XP level 10. HP: 58/64 MP: 10/10
  6357 | D:8      | Reached **** piety under Cheibriados
  6473 | D:8      | Found a staircase to the Lair.
  6948 | D:8      | Found a sacrificial altar of Ru.
  7141 | D:9      | Reached ***** piety under Cheibriados
  7179 | D:9      | Found Duipoiq's Firing Range.
  7545 | D:9      | Found a glowing silver altar of Zin.
  7545 | D:9      | Found a glowing golden altar of the Shining One.
  7545 | D:9      | Found a white marble altar of Elyvilon.
  7610 | D:9      | Reached XP level 11. HP: 69/69 MP: 11/11
  7666 | D:9      | Learned a level 6 spell: Iron Shot
  7713 | D:9      | Reached skill level 1 in Conjurations
  7713 | D:9      | Reached skill level 1 in Earth Magic
  7836 | D:9      | Found a blossoming altar of Fedhas.
  7865 | D:9      | Reached skill level 1 in Spellcasting
  8080 | D:9      | Noticed a deep elf pyromancer
  8085 | D:9      | Killed a deep elf pyromancer
  8254 | D:10     | Entered Level 10 of the Dungeon
  8260 | D:10     | Noticed a deep elf pyromancer
  8261 | D:10     | Noticed a deep elf zephyrmancer
  8347 | D:10     | Killed a deep elf pyromancer
  8353 | D:10     | Noticed a deep elf pyromancer
  8357 | D:10     | Noticed a wizard
  8364 | D:10     | Killed a deep elf pyromancer
  8371 | D:10     | Got the Volume of Sand
  8379 | D:10     | Got Kikubaaqudgha's Octavo of Dhcmrlchtdj
  8395 | D:10     | Got Ts'ui Pên's Tome of Forking Paths
  8443 | D:10     | Found a flagged portal.
  8455 | Bailey   | Entered a bailey
  8582 | Bailey   | Reached ****** piety under Cheibriados
  8830 | Bailey   | Identified a scroll of acquirement
  8830 | Bailey   | Acquired a manual of Conjurations
  9032 | D:10     | Noticed Fannar
  9046 | D:10     | Killed Fannar
  9355 | D:10     | Noticed a brown ugly thing
  9355 | D:10     | Noticed a green ugly thing
  9355 | D:10     | Noticed a green ugly thing
  9357 | D:10     | Noticed a purple ugly thing
  9357 | D:10     | Noticed a cyan ugly thing
  9362 | D:10     | Noticed a green ugly thing
  9369 | D:10     | Killed a purple ugly thing
  9370 | D:10     | Reached XP level 12. HP: 54/77 MP: 16/16
  9387 | D:10     | Reached skill level 5 in Conjurations
  9514 | D:10     | Reached skill level 10 in Fighting
  9514 | D:10     | Reached skill level 10 in Armour
  9520 | D:10     | Identified the ring "Kerghega" {rF+ Str+3}
  9531 | D:10     | Identified the +3 arbalest of Jonk {penet, MP+9 SInv}
  9580 | D:10     | Noticed a cyan very ugly thing
  9586 | D:10     | Slain by a cyan very ugly thing

Illustrated notes

Levels and vault maps discovered:
D:1:      wander_arrival_abandoned_jail, layout_loops_ring,
          wander_ebering_terrifying_dragon_lair
D:2:      layout_basic, kennysheep_nondescript, uniq_terence
D:3:      layout_basic, yredelemnul_forgotten_temple_becter,
          kennysheep_generic_room_16
D:4:      layout_loops_cross, mainiacjoe_overflow_catwalk,
          minmay_temple_entry_wispy, gammafunk_ghost_necromancy,
          kennysheep_decorative_pillar
D:5:      layout_gridville, uniq_menkaure
D:6:      layout_rooms, glass_columns_a
D:7:      layout_gridville, serial_shops, nicolae_shop_advertising_works
          [nicolae_subvault_shop_adworks], minmay_fractal_squares_5
D:8:      layout_loops_ring, mainiacjoe_overflow_divided_tiny,
          nicolae_ru_the_path_less_chosen, erik_lair_island,
          minmay_gold_behind_fungi, lemuel_flame_loot_1
D:9:      minmay_slanted_spiral_squares, layout_irregular_city,
          good_gods_mini_temple, mainiacjoe_overflow_brackets, st_stairs_11,
          nicolae_shop_firing_range
D:10:     cheibrodos_breeding_chamber, layout_loops_ring, enter_bailey_7,
          bh_hangedman_babel_library, uniq_fannar
Temple:   hellmonk_temple_forest_ring

Skill      XL: |  1  2  3  4  5  6  7  8  9 10 11 12 |
---------------+-------------------------------------+-----
Shields        | 4 5 6 7 8 9 |  9.9
Armour         | 4 5 6 7 8 9 10 | 10.0
Fighting       | 4 5 6 7 8 9 10 | 10.0
Maces & Flails | 3 |  3.6
Short Blades   | 2 3 5 7 8 9 |  9.6
Conjurations   | 4 5 |  5.4
Earth Magic    | 4 |  4.7
Spellcasting   | 3 |  3.5

Action                     |  1- 3 |  4- 6 |  7- 9 | 10-12 || total
---------------------------+-------+-------+-------+-------++-------
  Melee: Flail             |    82 |   164 |       |       ||   246
         Rapier            |       |    24 |   204 |   420 ||   648
    Use: Potion            |       |     4 |       |     1 ||     5
         Scroll            |       |     1 |     6 |    14 ||    21
 Armour: Scale mail        |    46 |   123 |   195 |   173 ||   537
         Chain mail        |       |       |       |    68 ||    68
  Dodge: Dodged            |    40 |   113 |   124 |   443 ||   720
  Block: Buckler           |    25 |    60 |    88 |   272 ||   445
